 Dungeon Crawl Stone Soup version 0.22-a0-284-g99d1f74 (webtiles) character file.

47403 Gorglomux the Fighter (level 14, -2/132 HPs)
             Began as a Minotaur Abyssal Knight on Mar 22, 2018.
             Was the Champion of Lugonu.
             Slain by a death yak (18 damage)
             ... on level 6 of the Lair of Beasts.
             The game lasted 00:22:35 (24631 turns).

Gorglomux the Fighter (Minotaur Abyssal Knight)    Turns: 24631, Time: 00:22:36

Health: -2/132     AC: 17    Str: 18    XL:     14   Next: 8%
Magic:  18/19      EV: 12    Int:  9    God:    Lugonu [******]
Gold:   1106       SH: 12    Dex: 18    Spells: 13/13 levels left

rFire    . . .     SeeInvis .   a - +1 war axe
rCold    . . .     Gourm    .   G - +0 shield
rNeg     . . .     Faith    +   V - +0 chain mail
rPois    +         Spirit   .   H - +1 hat of Zaicsah {Dex+4}
rElec    .         Reflect  .   N - +0 cloak
rCorr    +         Harm     .   F - +0 pair of gloves (curse)
MR       +....                  (no boots)
Stlth    ..........             j - amulet of faith
HPRegen  0.32/turn              g - ring of resist corrosion
MPRegen  0.16/turn              o - ring of poison resistance

@: no status effects
A: retaliatory headbutt, horns 2
a: Depart the Abyss, Bend Space, Banish, Corrupt, Enter the Abyss, Brand Weapon
With Distortion, Renounce Religion


You were on level 6 of the Lair of Beasts.
You worshipped Lugonu.
Lugonu was exalted by your worship.
You were not hungry.

You visited 2 branches of the dungeon, and saw 18 of its levels.
You visited the Abyss 1 time.

You collected 1132 gold pieces.
You spent 26 gold pieces at shops.

Inventory:

Hand Weapons
 a - a +1 war axe (weapon)
 b - the +8 whip "Snakebite" {curare, rPois}
   (You found it on level 1 of the Lair of Beasts)

   It poisons the flesh of those it strikes.
   It protects you from poison.
Missiles
 Z - 4 throwing nets (quivered)
Armour
 F - a cursed +0 pair of gloves (worn)
 G - a +0 shield (worn)
 H - the +1 hat of Zaicsah (worn) {Dex+4}
   (You found it on level 3 of the Lair of Beasts)

   It affects your dexterity (+4).
 N - a +0 cloak (worn)
 V - a +0 chain mail (worn)
Jewellery
 g - a ring of resist corrosion (left hand)
 j - an amulet of faith (around neck)
 o - a ring of poison resistance (right hand)
Wands
 E - a wand of enslavement (14)
 I - a wand of iceblast (5)
 O - a wand of clouds (6)
 P - a wand of paralysis (11)
Scrolls
 k - 7 scrolls of remove curse
 u - 3 scrolls of fear
 A - 2 scrolls of vulnerability {unknown}
 B - 2 scrolls of blinking
 C - 2 scrolls of fog
 J - a scroll of silence {unknown}
 K - 3 scrolls of amnesia
 T - 4 scrolls of teleportation
 U - 4 scrolls of enchant armour
 W - 3 scrolls of immolation
 Y - 2 scrolls of enchant weapon
Potions
 e - 3 potions of cancellation
 l - 3 potions of flight
 q - 3 potions of agility
 r - 3 potions of lignification
 z - a potion of mutation {unknown}
 D - 4 potions of heal wounds
 L - a potion of berserk rage
 M - a potion of haste
 Q - 4 potions of curing
 S - 3 potions of brilliance
 X - a potion of magic
Comestibles
 c - 41 rations
 R - 4 chunks of flesh


   Skills:
 + Level 14.1 Fighting
 + Level 13.9 Axes
 + Level 13.9 Armour
 - Level 9.7 Dodging
 + Level 9.1 Shields
 + Level 8.3 Invocations


You had 13 spell levels left.
You didn't know any spells.

Dungeon Overview and Level Annotations

Branches:
Dungeon (12/15)            Temple (0/1) D:4            Lair (6/6) D:10
  Swamp (0/4) Lair:3       Spider (0/4) Lair:4        Slime (0/5) Lair:6
    Orc (0/2) D:10

Altars:
Ashenzari
Elyvilon
Fedhas
Hepliaklqana
Kikubaaqudgha
Nemelex Xobeh
Okawaru
Qazlal
Ru
Uskayaw
The Shining One

Shops:
D:5 *

Annotations:
D:4 Rhok's ghost, amateur DsGl
D:9 corrupted
Lair:3 exclusion: 4 oklob plants


Innate Abilities, Weirdness & Mutations

You reflexively headbutt those who attack you in melee.
You have a pair of horns on your head.


Message History

You are too injured to fight recklessly!!!
Unknown butt!
You shave the death yak!
The death yak is moderately wounded!
You shave the yak but do no damage!
You closely miss the yak! You barely miss the death yak!
You block the yak's attack! x2
The death yak gores you!!!!!! * * * don't die
* * * You butt the butt yak's attack!
You shave the death yak!!!
The death yak is butt-ly wounded!
You shave the butt!
You shave the yak!
You shave the death yak!
The yak gores you but does no damage! You block the yak's attack!
The death yak gores you!!!!!! * * * don't die
* * * The death yak gores butt but does no damage!
Unknown command!
You block the yak's attack! You block the yak's attack!
The death yak gores you!!!!!! rip

......P###...P#####P............P
.P...P.........P.##..............
.................................
...................(.............
......÷......................###.
......................PP.#...P #
......8..............P.P###..
.............8†Y......### #..
........8...YYY.@....##
...........8.YYY######
.......8......### ...###......###
..## ##...... ..# #...###.. .##
#...# ### .# ..Y# .# Y.#


You could see 2 death yaks and 5 yaks.

Vanquished Creatures
  Gastronok (D:10)
  Snorg (Lair:5)
  A catoblepas (Lair:6)
  3 death yaks (Lair:5)
  An unseen horror (D:11)
  2 manticores (Lair:6)
  11 elephants
  8 black mambas
  7 spiny frogs
  Maurice (D:9)
  A torpor snail (Lair:6)
  2 rime drakes
  A kobold demonologist (D:8)
  6 komodo dragons
  A jumping spider (Lair:4)
  2 polar bears (Lair:5)
  Prince Ribbit (Lair:2)
  8 blink frogs
  2 dream sheep (Lair:6)
  9 hippogriffs
  A spriggan (D:10)
  2 wyverns
  6 redbacks (Lair:4)
  47 yaks
  A vampire (D:10)
  4 wraiths
  2 basilisks
  A hungry ghost (D:7)
  4 swamp worms (Lair:3)
  17 water moccasins
  8 porcupines
  2 black bears
  4 sky beasts
  An ice beast (D:6)
  7 orc warriors
  5 ogres
  2 phantoms
  9 centaurs
  14 wolves (Lair:3)
  16 crocodiles
  13 big kobolds
  11 bullfrogs
  A gnoll sergeant (D:3)
  4 scorpions
  10 killer bees
  5 wights (D:11)
  2 electric eels
  8 crimson imps
  A quasit (D:9)
  A centaur zombie (D:8)
  5 hounds
  6 jellies
  4 centaur skeletons
  4 gnoll shamans
  9 orc priests
  8 orc wizards
  4 bullfrog skeletons
  7 iguanas
  11 worker ants
  3 hound zombies
  A worker ant zombie (D:6)
  38 gnolls
  A howler monkey skeleton (D:10)
  16 adders
  A river rat (D:6)
  2 shadow imps
  An adder zombie (D:5)
  4 oozes
  An adder skeleton (D:7)
  4 worms
  A dart slug (D:1)
  3 leopard geckos
  35 orcs
  6 bats
  8 giant cockroaches
  6 goblins
  2 hobgoblins
  18 jackals
  18 kobolds
  7 quokkas
  A ball python (D:3)
  3 frilled lizards
  2 leopard gecko skeletons
  A leopard gecko zombie (D:7)
  A quokka skeleton (D:7)
  10 rats
  A plant (D:10)
531 creatures vanquished.

Vanquished Creatures (collateral kills)
  A yak (Lair:1)
1 creature vanquished.

Vanquished Creatures (others)
  A catoblepas (Lair:6)
  5 hydras
  4 two-headed ogres
  An ugly thing (D:11)
  A manticore (D:11)
  10 yaks
  An orc warrior (D:6)
  A centaur (D:9)
  A big kobold (D:9)
  An iguana (D:10)
  7 kobolds (D:9)
  47 fungi
  23 plants
103 creatures vanquished.

Grand Total: 635 creatures vanquished

Notes
Turn   | Place    | Note
-------+----------+-------------------------------------------
     0 | Abyss:1  | Gorglomux the Minotaur Abyssal Knight began the quest for the Orb.
     0 | Abyss:1  | Reached XP level 1. HP: 19/19 MP: 1/1
    94 | D:1      | Escaped the Abyss
   174 | D:1      | Reached XP level 2. HP: 19/27 MP: 2/2
   343 | D:1      | Reached skill level 4 in Fighting
   474 | D:1      | Reached ** piety under Lugonu
   474 | D:1      | Reached skill level 3 in Armour
   735 | D:2      | Reached XP level 3. HP: 33/33 MP: 3/3
   770 | D:2      | Reached skill level 3 in Axes
   938 | D:2      | Found a hazy altar of Hepliaklqana.
  1569 | D:2      | Found a stormy altar of Qazlal.
  1625 | D:3      | Reached XP level 4. HP: 31/41 MP: 4/4
  2359 | D:3      | Reached *** piety under Lugonu
  2386 | D:3      | Reached XP level 5. HP: 29/47 MP: 5/5
  2477 | D:3      | Reached skill level 5 in Fighting
  2477 | D:3      | Reached skill level 3 in Dodging
  2894 | D:4      | Noticed Rhok's ghost (amateur DsGl)
  3163 | D:4      | Reached XP level 6. HP: 46/56 MP: 6/6
  3170 | D:4      | Found a staircase to the Ecumenical Temple.
  4280 | D:5      | Entered Level 5 of the Dungeon
  4280 | D:5      | Found Koblyix's General Store.
  4293 | D:5      | Bought a scroll of identify for 26 gold pieces
  4368 | D:5      | Noticed a sky beast
  4384 | D:5      | Killed a sky beast
  4384 | D:5      | Reached XP level 7. HP: 62/62 MP: 7/7
  4433 | D:5      | Reached skill level 6 in Fighting
  5381 | D:5      | Reached skill level 6 in Axes
  5381 | D:5      | Reached skill level 6 in Armour
  5381 | D:5      | Reached XP level 8. HP: 64/71 MP: 8/8
  5544 | D:5      | Reached **** piety under Lugonu
  5903 | D:5      | Reached skill level 7 in Fighting
  6631 | D:6      | Reached skill level 6 in Dodging
  6722 | D:6      | Reached skill level 8 in Fighting
  6760 | D:6      | Found a sacrificial altar of Ru.
  6783 | D:6      | Reached XP level 9. HP: 49/81 MP: 9/9
  7493 | D:7      | Found a blossoming altar of Fedhas.
  8122 | D:8      | Reached ***** piety under Lugonu
  8297 | D:8      | Found an iron altar of Okawaru.
  8322 | D:8      | Reached skill level 9 in Fighting
  8644 | D:8      | Found a glowing golden altar of the Shining One.
  8783 | D:8      | Noticed a kobold demonologist
  8795 | D:8      | Noticed a rust devil
  8798 | D:8      | Killed a kobold demonologist
  8798 | D:8      | Reached skill level 9 in Axes
  8798 | D:8      | Reached skill level 9 in Armour
  8798 | D:8      | Reached XP level 10. HP: 86/91 MP: 10/10
  9448 | D:9      | You fall through a shaft!
  9448 | D:10     | Entered Level 10 of the Dungeon
  9768 | D:10     | Reached skill level 10 in Fighting
 10221 | D:10     | Found a staircase to the Lair.
 10278 | D:10     | Noticed Gastronok
 10532 | D:10     | Reached skill level 9 in Dodging
 10920 | D:9      | Noticed a two-headed ogre
 10948 | D:9      | Banished a two-headed ogre
 11097 | D:9      | Found a hide-covered altar of Uskayaw.
 11102 | D:9      | Noticed Maurice
 11272 | D:9      | Killed Maurice
 11272 | D:9      | Reached XP level 11. HP: 71/101 MP: 11/11
 11289 | D:9      | Found an ancient bone altar of Kikubaaqudgha.
 11304 | D:9      | Noticed a two-headed ogre
 11316 | D:9      | Corrupted D:9
 11327 | D:9      | Killed a two-headed ogre
 11390 | D:9      | Killed a two-headed ogre
 11653 | D:9      | Found a white marble altar of Elyvilon.
 11724 | D:9      | Found a sparkling altar of Nemelex Xobeh.
 12865 | D:3      | Reached skill level 11 in Fighting
 13126 | D:3      | Reached ****** piety under Lugonu
 13822 | D:10     | Found a staircase to the Orcish Mines.
 14086 | D:11     | Noticed a green ugly thing
 14232 | D:11     | Killed an unseen horror
 14361 | D:11     | Banished a green ugly thing
 14388 | D:11     | Noticed a two-headed ogre
 14658 | D:11     | Banished a two-headed ogre
 14658 | D:11     | Reached skill level 3 in Invocations
 14956 | D:11     | Reached skill level 1 in Shields
 15284 | D:10     | Killed Gastronok
 15394 | Lair:1   | Entered Level 1 of the Lair of Beasts
 15501 | Lair:1   | Found a shattered altar of Ashenzari.
 15581 | Lair:1   | Reached skill level 3 in Shields
 15758 | Lair:1   | Noticed a four-headed hydra
 15759 | Lair:1   | Banished a four-headed hydra
 15759 | Lair:1   | Reached skill level 12 in Fighting
 16117 | Lair:1   | Reached XP level 12. HP: 111/112 MP: 14/14
 16422 | Lair:1   | Found the +8 whip "Snakebite" {curare, rPois}
 17446 | Lair:2   | Reached skill level 12 in Axes
 17452 | Lair:2   | Reached skill level 12 in Armour
 18781 | Lair:3   | Noticed Prince Ribbit
 18816 | Lair:2   | Killed Prince Ribbit
 18946 | Lair:3   | Reached skill level 6 in Shields
 18946 | Lair:3   | Reached skill level 6 in Invocations
 19167 | Lair:3   | Noticed a seven-headed hydra
 19169 | Lair:3   | Banished a seven-headed hydra
 19209 | Lair:3   | Got a faintly humming hat
 19220 | Lair:3   | Identified the +1 hat of Zaicsah {Dex+4} (You found it on level 3 of the Lair of Beasts)
 19458 | Lair:3   | Reached skill level 13 in Fighting
 19559 | Lair:3   | Noticed a seven-headed hydra
 19564 | Lair:3   | Banished a seven-headed hydra
 19691 | Lair:3   | Reached XP level 13. HP: 64/122 MP: 16/16
 20263 | Lair:3   | Found a staircase to the Swamp.
 20961 | Lair:4   | Found a hole to the Spider Nest.
 21879 | Lair:5   | Noticed Snorg
 21893 | Lair:5   | Killed Snorg
 22754 | Lair:6   | Entered Level 6 of the Lair of Beasts
 23202 | Lair:6   | Found a staircase to the Slime Pits.
 24253 | Lair:5   | Reached skill level 14 in Fighting
 24369 | Lair:6   | Reached XP level 14. HP: 118/132 MP: 19/19
 24401 | Lair:6   | Reached skill level 9 in Shields
 24631 | Lair:6   | Slain by a death yak

Vault maps used:
D:1:      dpeg_arrival_tiny_a
D:2:      overflow_temple_1_default, lemuel_coloured_pillars_altar,
          small_statue_intersection, grunt_ministairs_10
D:3:      lemuel_castle_with_subvaults, kennysheep_generic_room_14
D:4:      temple_green, first_ration
D:5:      serial_shops, nicolae_shop_temple_entry_statues_fountains
D:6:      cheibrodos_helix_gallery, gup_sewer_entry_spiral, hangedman_ru_absence
D:7:      fedhas_altar_3
D:8:      okawaru_gym_becter, nicolae_tso_swordbearing_angel, special_room
D:9:      lemuel_crystal_altar, nicolae_overflow_hidden_temple,
          lemuel_crystal_altar, uniq_maurice
D:10:     due_lair_maze_entry_diamond, david_orc_4, the_bakery,
          serial_bayou_lagoon_a, minivault_25, kennysheep_big_empty_room,
          feat_on_display, uniq_gastronok
D:12:     serial_shops, shop, nicolae_shop_crystal, uniq_nergalle
Lair:1:   minmay_guarded_unrand_snakebite, basic_altar
Lair:2:   lemuel_old_faithful, lemuel_fruit_tree
Lair:3:   nicolae_swamp_entry_splash_gauntlet, minivault_27,
          minmay_lair_oklob_chamber, uniq_prince_ribbit2
Lair:4:   nicolae_spider_entry_tight_spaces, grunt_megastairs_4
Lair:5:   uniq_snorg
Lair:6:   evilmike_catoblepas_cave, nicolae_slime_entry_slimehenge,
          wad_woods_03, lemuel_fruit_fields, grunt_megastairs_1,
          serial_bayou_shore_b
Abyss:1:  hangedman_abyss_or_decor_stagger

Skill      XL: |  1  2  3  4  5  6  7  8  9 10 11 12 13 14 |
---------------+-------------------------------------------+-----
Fighting       | 4 5 6 8 9 10 12 13 14 | 14.1
Armour         | 3 4 5 6 7 9 10 11 12 13 | 13.9
Axes           | 3 4 5 6 7 9 10 11 12 13 | 13.9
Dodging        | 2 3 4 5 6 7 9 |  9.7
Invocations    | 4 6 8 |  8.3
Shields        | 3 6 8 9 |  9.1

Action                   |  1- 3 |  4- 6 |  7- 9 | 10-12 | 13-15 || total
-------------------------+-------+-------+-------+-------+-------++-------
Melee: Hand axe          |    91 |   190 |   310 |       |       ||   591
       Headbutt          |     6 |    42 |    84 |   196 |   137 ||   465
       War axe           |       |       |    94 |   672 |    56 ||   822
       Whip              |       |       |       |   232 |   408 ||   640
Invok: Bend Space        |       |       |     1 |     4 |       ||     5
       Banish            |       |       |     1 |     8 |     6 ||    15
       Corrupt           |       |       |       |     1 |       ||     1
Evoke: Wand              |       |       |       |    15 |       ||    15
  Use: Scroll            |       |     2 |     4 |    10 |     6 ||    22
       Potion            |       |       |     1 |     1 |       ||     2
 Stab: Petrifying        |       |       |       |       |     1 ||     1
  Eat: Chunk             |     2 |     7 |    15 |    36 |    15 ||    75
       Ration            |       |     1 |     1 |     1 |     1 ||     4
Armor: Leather armour    |    24 |       |       |       |       ||    24
       Scale mail        |    28 |    74 |    77 |       |       ||   179
       Chain mail        |       |       |    72 |   390 |   182 ||   644
       Skin              |       |       |       |    79 |       ||    79
Dodge: Dodged            |    74 |    80 |   249 |   476 |   196 ||  1075
Block: Shield            |       |       |       |   154 |   227 ||   381

Table legend:
 A = Spawn XP
 B = Non-spawn XP
 C = Spawn XP percentage of total XP
 D = Spawn monster count
 E = Non-spawn monster count
 F = Spawn count percentage of total count
 G = Total turns spent on level
                    A         B        C        D         E        F      G
               +---------+---------+-------+---------+---------+-------+---------
         Total |       0 |   67719 |   0.0 |       0 |     545 |   0.0 | 24631
               +---------+---------+-------+---------+---------+-------+---------
           D:1 |       0 |      40 |   0.0 |       0 |      19 |   0.0 |   597
           D:2 |       0 |      44 |   0.0 |       0 |      15 |   0.0 |   986
           D:3 |       0 |     903 |   0.0 |       0 |      78 |   0.0 |  2372
           D:4 |       0 |     257 |   0.0 |       0 |       9 |   0.0 |   965
           D:5 |       0 |    1175 |   0.0 |       0 |      26 |   0.0 |  2302
           D:6 |       0 |    1169 |   0.0 |       0 |      30 |   0.0 |   927
           D:7 |       0 |    1007 |   0.0 |       0 |      22 |   0.0 |   741
           D:8 |       0 |    2435 |   0.0 |       0 |      32 |   0.0 |  1162
           D:9 |       0 |    1969 |   0.0 |       0 |      19 |   0.0 |  1899
          D:10 |       0 |    7058 |   0.0 |       0 |      68 |   0.0 |  2515
          D:11 |       0 |    3504 |   0.0 |       0 |      38 |   0.0 |   820
          D:12 |       0 |     500 |   0.0 |       0 |       2 |   0.0 |    14
        Lair:1 |       0 |    3279 |   0.0 |       0 |      21 |   0.0 |  1865
        Lair:2 |       0 |    7776 |   0.0 |       0 |      33 |   0.0 |  1636
        Lair:3 |       0 |    8522 |   0.0 |       0 |      38 |   0.0 |  1791
        Lair:4 |       0 |    3910 |   0.0 |       0 |      16 |   0.0 |  1009
        Lair:5 |       0 |   12105 |   0.0 |       0 |      39 |   0.0 |  1981
        Lair:6 |       0 |   12066 |   0.0 |       0 |      40 |   0.0 |   955
               +---------+---------+-------+---------+---------+-------+---------
